 Dungeon Sprint DCSS version 0.28.0-53-g5a82cb258f (webtiles) character file.

Game seed: 16498835183581791709

9681 Zeld the Severer (level 11, -3/123 HPs)
             Began as a Minotaur Berserker on June 4, 2022.
             Was a High Priest of Trog.
             Slain by Xtahua (14 damage)
             ... while paralysed by Xtahua
             ... in the Dungeon (Sprint III: "The Ten Rune Challenge").
             The game lasted 00:03:36 (5223 turns).

Zeld the Severer (Minotaur Berserker)               Turns: 5223, Time: 00:03:36

Health: -3/123     AC:  6    Str: 27    XL:     11   Next: 26%
Magic:  10/10      EV:  2    Int:  2    God:    Trog [*****.]
Gold:   2          SH:  0    Dex:  9    Spells: 10/10 levels left

rFire   + . .      SeeInvis .   a - +2 battleaxe
rCold   . . .      Faith    .   (shield currently unavailable)
rNeg    . . .      Spirit   .   b - +0 animal skin
rPois   .          Reflect  .   (helmet unavailable)
rElec   .          Harm     .   l - +0 cloak
rCorr   .          Rampage  .   (no gloves)
Will    .....      NoTele   +   (no boots)
Stlth   +.........              (no amulet)
HPRegen 0.30/turn               (no ring)
MPRegen 0.12/turn               (no ring)

@: paralysed, very slow
A: horns 3, retaliatory headbutt, iridescent scales 1, dopey 1, fire resistance
1
a: Renounce Religion, Berserk, Trog's Hand, Brothers in Arms


You were in the Dungeon.
You worshipped Trog.
Trog was extremely pleased with you.
You visited 1 branch You collected 22 gold pieces.
You spent 20 gold pieces at shops.

Inventory:

Hand Weapons
 a - a +2 battleaxe (weapon)
Armour
 b - a +0 animal skin (worn)
 l - a +0 cloak (worn)
Scrolls
 h - a scroll of blinking
 i - a scroll of magic mapping {unknown}
 j - a scroll of vulnerability {unknown}
 n - 2 scrolls of holy word {unknown}
 o - 3 scrolls of identify
 p - a scroll of fear {unknown}
Potions
 c - 2 potions of curing
 d - a potion of heal wounds
 e - a potion of haste
 f - 2 potions of magic
 g - a potion of berserk rage
 k - 5 potions of flight
 m - a potion of might
Miscellaneous
 q - a box of beasts


   Skills:
 * Level 19.2 Fighting
 * Level 19.4 Axes
 + Level 13.8 Armour
 + Level 12.7 Dodging


You had 10 spell levels left.
You didn't know any spells.
Your spell library was empty.

Dungeon Overview and Level Annotations

Branches:
Dungeon (1/1)

Altars:
Cheibriados
Dithmenos
Elyvilon
Fedhas
Gozag
Hepliaklqana
Kikubaaqudgha
Makhleb
Nemelex Xobeh
Okawaru
Qazlal
Ru
Sif Muna
Trog
Uskayaw
Vehumet
Wu Jian
Xom
Yredelemnul
Zin
The Shining One
Beogh
Jiyva
Lugonu

Shops:
D ?[=

Annotations:
D Xtahua


Innate Abilities, Weirdness & Mutations

You have a pair of large horns on your head.
You reflexively headbutt those who attack you in melee.
You are partially covered in iridescent scales. (AC +2)
You are dopey. (Int -2)
Your flesh is heat resistant. (rF+)


Message History

g - Guard the area. f - Follow me.
Anything else - Cancel.
Gang up on whom?
Press: ? - help, Dir - move target, f - Xtahua
Aim: Xtahua (severely wounded, ally target) Attack!
Xtahua breathes fire at your iron troll.
The searing blast hits your iron troll!
Your iron troll resists.
Your iron troll is engulfed in blazing flames.
Your iron troll dies!
Your iron troll's corpse disappears in a puff of smoke!
Unknown command.
Your ogre goes berserk!
Xtahua is engulfed in blazing flames.
Unknown command.
Xtahua breathes fire at you. The searing blast hits you!! You resist.
Your ogre rages.
The five-headed hydra is engulfed in blazing flames. x2
Your ogre is engulfed in blazing flames.
The five-headed hydra is engulfed in blazing flames.
Unknown command.
Really walk into a travel-excluded area?
Your ogre is engulfed in blazing flames.
Xtahua bites your ogre!
Xtahua claws your ogre but does no damage.
Xtahua closely misses your ogre.
Your ogre is engulfed in a cloud of scalding steam.
Your ogre dies!
Your ogre's corpse disappears in a puff of smoke!
Xtahua roars overwhelmingly at you!
You suddenly lose the ability to move!
The five-headed hydra is engulfed in a cloud of scalding steam.
Xtahua bites you! Xtahua claws you but does no damage. Xtahua tramples you!
You hold your ground!
Xtahua bites you!!
* * * LOW HITPOINT WARNING * * *
Xtahua claws you but does no damage. Xtahua tramples you!
You die...

#♣.♣ ♣≈♣♣
##### ♣♣.♣
...φ# ♣≈♣♣
....# ♣.♣♣
D.D.#
♣..♣♣#...#
♣♣.♣♣.####♣♣
♣♣.♣♣.≈DD○♣
♣♣..♣♣♣♣♣♣@♣
♣....§°○°..♣
♣≈..≈.○○○..♣
♣.♣...○○°..♣
♣♣♣♣♣♣♣♣∩∩∩♣
♣♣♣♣♣


You could see Xtahua and a five-headed hydra.

Vanquished Creatures
  3 fire dragons (D)
  Erolcha (D)
  Urug (D)
  A death drake (D)
  A lindwurm (D)
  A deep elf pyromancer (D)
  2 cane toads (D)
  A rime drake (D)
  A komodo dragon (D)
  2 tyrant leeches (D)
  5 blink frogs (D)
  A shadow (D)
  5 redbacks (D)
  A spatial vortex (D)
  2 hell hounds (D)
  A swamp drake (D)
  A necrophage (D)
  5 two-headed ogres (D)
  A water elemental (D)
  3 wandering mushrooms (D)
  A jelly (D)
  Crazy Yiuf (D)
  A necromancer (D)
  3 humans (D)
  A kobold demonologist (D)
  2 endoplasms (D)
  2 rats (D)
50 creatures vanquished.

Vanquished Creatures (others)
  2 hydras (D)
  An electric eel (D)
  A wizard (D)
  A ballistomycete spore (D)
  7 plants (D)
12 creatures vanquished.

Grand Total: 62 creatures vanquished

Notes
Turn   | Place    | Note
-------+----------+-------------------------------------------
     0 | D        | Zeld the Minotaur Berserker began the quest for the Orb.
     0 | D        | Reached XP level 1. HP: 19/19 MP: 0/0
   150 | D        | Reached ** piety under Trog
   261 | D        | Reached skill level 5 in Fighting
   261 | D        | Reached skill level 5 in Axes
   261 | D        | Reached XP level 2. HP: 8/29 MP: 1/1
   464 | D        | Noticed Crazy Yiuf
   471 | D        | Killed Crazy Yiuf
   472 | D        | Reached XP level 3. HP: 29/37 MP: 0/2
   621 | D        | Gained mutation: You are dopey. (Int -2) [potion of
                  | mutation]
   749 | D        | Lost mutation: You are dopey. (Int -2) [potion of mutation]
   749 | D        | Gained mutation: You have sharp fingernails. [potion of
                  | mutation]
   749 | D        | Gained mutation: You are dopey. (Int -2) [potion of
                  | mutation]
   749 | D        | Gained mutation: Your flesh is heat resistant. (rF+)
                  | [potion of mutation]
   850 | D        | Lost mutation: You have sharp fingernails. [potion of
                  | mutation]
   850 | D        | Lost mutation: Your flesh is heat resistant. (rF+) [potion
                  | of mutation]
   850 | D        | Lost mutation: You are dopey. (Int -2) [potion of mutation]
   850 | D        | Gained mutation: You are partially covered in iridescent
                  | scales. (AC +2) [potion of mutation]
   850 | D        | Gained mutation: You have a pair of large horns on your
                  | head. [potion of mutation]
   850 | D        | Gained mutation: You are dopey. (Int -2) [potion of
                  | mutation]
   850 | D        | Gained mutation: Your flesh is heat resistant. (rF+)
                  | [potion of mutation]
  1018 | D        | Noticed a water elemental
  1022 | D        | Killed a water elemental
  1023 | D        | Reached XP level 4. HP: 47/47 MP: 3/3
  1132 | D        | Found a hide-covered altar of Uskayaw.
  1132 | D        | Found an iron altar of Okawaru.
  1132 | D        | Found a bloodstained altar of Trog.
  1132 | D        | Found an ornate altar of the Wu Jian Council.
  1132 | D        | Noticed a human
  1133 | D        | Noticed a human
  1139 | D        | Killed a human
  1140 | D        | Reached skill level 5 in Dodging
  1140 | D        | Reached XP level 5. HP: 57/57 MP: 4/4
  1151 | D        | Killed a human
  1151 | D        | Reached *** piety under Trog
  1152 | D        | Reached skill level 10 in Fighting
  1152 | D        | Reached skill level 10 in Axes
  1152 | D        | Reached XP level 6. HP: 25/67 MP: 5/5
  1342 | D        | Found a glowing silver altar of Zin.
  1342 | D        | Found a glowing golden altar of the Shining One.
  1342 | D        | Found a white marble altar of Elyvilon.
  1343 | D        | Noticed a deep elf pyromancer
  1349 | D        | Killed a deep elf pyromancer
  1350 | D        | Reached XP level 7. HP: 77/77 MP: 6/6
  1425 | D        | Found a radiant altar of Vehumet.
  1425 | D        | Found a shimmering blue altar of Sif Muna.
  1425 | D        | Found an ancient bone altar of Kikubaaqudgha.
  1531 | D        | Found a basalt altar of Yredelemnul.
  1531 | D        | Found a shadowy altar of Dithmenos.
  1531 | D        | Found a sacrificial altar of Ru.
  1536 | D        | Reached **** piety under Trog
  1686 | D        | Noticed a shadow
  1690 | D        | Killed a shadow
  1691 | D        | Reached XP level 8. HP: 85/85 MP: 7/7
  1743 | D        | Found a blossoming altar of Fedhas.
  1743 | D        | Found a stormy altar of Qazlal.
  1743 | D        | Found a snail-covered altar of Cheibriados.
  1743 | D        | Found a burning altar of Makhleb.
  1743 | D        | Found a shimmering altar of Xom.
  1744 | D        | Found a hazy altar of Hepliaklqana.
  1744 | D        | Found an opulent altar of Gozag.
  1744 | D        | Found a sparkling altar of Nemelex Xobeh.
  1744 | D        | Found a corrupted altar of Lugonu.
  1744 | D        | Found a viscous altar of Jiyva.
  1886 | D        | Reached ***** piety under Trog
  2145 | D        | Noticed a two-headed ogre
  2152 | D        | Killed a two-headed ogre
  2280 | D        | Noticed a two-headed ogre
  2280 | D        | Noticed Erolcha
  2286 | D        | Killed Erolcha
  2287 | D        | Reached skill level 15 in Axes
  2287 | D        | Reached skill level 10 in Armour
  2287 | D        | Reached XP level 9. HP: 96/96 MP: 8/8
  2293 | D        | Killed a two-headed ogre
  2294 | D        | Reached skill level 15 in Fighting
  2294 | D        | Reached skill level 10 in Dodging
  2584 | D        | Noticed a wandering mushroom
  2619 | D        | Noticed a wandering mushroom
  2621 | D        | Noticed a wandering mushroom
  2823 | D        | Reached ****** piety under Trog
  2923 | D        | Killed a five-headed hydra
  2972 | D        | Noticed a cane toad
  2972 | D        | Noticed a komodo dragon
  2972 | D        | Noticed a cane toad
  2977 | D        | Killed a komodo dragon
  2977 | D        | Received a gift from Trog
  2982 | D        | Killed a cane toad
  2988 | D        | Killed a cane toad
  2989 | D        | Reached XP level 10. HP: 108/108 MP: 9/9
  3225 | D        | Received a gift from Trog
  3310 | D        | Killed a six-headed hydra
  3751 | D        | Noticed a lindwurm
  3757 | D        | Killed a lindwurm
  3943 | D        | Noticed Urug
  3953 | D        | Killed Urug
  4396 | D        | Noticed a death drake
  4401 | D        | Killed a death drake
  4401 | D        | Received a gift from Trog
  4778 | D        | Noticed a fire dragon
  4778 | D        | Noticed a fire dragon
  4795 | D        | Killed a fire dragon
  4796 | D        | Reached XP level 11. HP: 121/121 MP: 10/10
  4799 | D        | Killed a fire dragon
  4922 | D        | Noticed a fire dragon
  4933 | D        | Killed a fire dragon
  5079 | D        | Found Counweastro's Magic Scroll Emporium.
  5079 | D        | Found Janok's Antique Armour Shop.
  5079 | D        | Found Saon's Jewellery Shoppe.
  5092 | D        | Bought a scroll of identify for 20 gold pieces
  5211 | D        | Noticed a five-headed hydra
  5211 | D        | Noticed Xtahua
  5220 | D        | Paralysed by Xtahua for 4 turns
  5223 | D        | Slain by Xtahua

Illustrated notes

Levels and vault maps discovered:
D:        dungeon_sprint_mu [sprint_mu_entry_forest, sprint_mu_temple_rooms,
          sprint_mu_d1_spiders, sprint_mu_d2_genie, sprint_mu_d3_branching,
          sprint_mu_orc_legion, sprint_mu_elf_gauntlet, sprint_mu_hive_nellie,
          sprint_mu_lair_fedhas, sprint_mu_vaults_butterflies,
          sprint_mu_slime_circle, sprint_mu_swamp_cave, sprint_mu_snake_twists,
          sprint_mu_blade_basic, sprint_mu_crypt_fortress,
          sprint_mu_tomb_spiral, sprint_mu_vestibule_basic,
          sprint_mu_gehenna_hellfire, sprint_mu_dis_giant,
          sprint_mu_tartarus_statrot, sprint_mu_cocytus_islands, sprint_mu_zot1]

Skill      XL: |  1  2  3  4  5  6  7  8  9 10 11 |
---------------+----------------------------------+-----
Fighting       | 5 6 7 9 10 12 14 16 18 19 | 19.2
Axes           | 5 6 7 9 10 12 13 15 16 18 19 | 19.4
Armour         | 3 4 6 7 8 9 10 11 13 | 13.8
Dodging        | 3 4 5 6 7 8 9 10 12 | 12.7

Action                   |  1- 3 |  4- 6 |  7- 9 | 10-12 || total
-------------------------+-------+-------+-------+-------++-------
Melee: Hand axe          |    24 |    21 |   112 |       ||   157
       Headbutt          |     2 |     1 |    25 |    16 ||    44
       Punch             |       |       |     2 |       ||     2
       Battleaxe         |       |       |       |    81 ||    81
Invok: Berserk           |     3 |     2 |     7 |     7 ||    19
       Brothers in Arms  |       |       |       |     2 ||     2
  Use: Potion            |     3 |       |     1 |       ||     4
 Stab: Sleeping          |     1 |       |       |       ||     1
Armor: Animal skin       |     1 |     1 |     9 |    13 ||    24
Dodge: Dodged            |    13 |     7 |    41 |    40 ||   101
